 Dungeon Crawl Stone Soup version 0.30.0-5-g1a98f26d00 (webtiles) character file.

Game seed: 17864640281517736300

285 GigaChad the Shield-Bearer (level 6, -18/49 HPs)
             Began as a Formicid Fighter on May 10, 2023.
             Demolished by an ogre
             ... wielding a +0 giant club
              (24 damage)
             ... on level 4 of the Dungeon.
             The game lasted 00:03:17 (3078 turns).

GigaChad the Shield-Bearer (Formicid Fighter)       Turns: 3078, Time: 00:03:18

Health: -18/49     AC: 10    Str: 22    XL:     6   Next: 55%
Magic:  6/6        EV: 10    Int:  8    God:
Gold:   235        SH:  5    Dex: 13    Spells: 5/5 levels left

rFire   . . .        a - +0 war axe
rCold   . . .        c - +0 buckler
rNeg    . . .        b - +0 scale mail
rPois   .            (helmet unavailable)
rElec   .            k - +2 cloak
rCorr   .            (no gloves)
SInv    +            (no boots)
Will    .....        (no amulet) Stlth
                     (no ring)
HPRegen 0.28/turn    (no ring)
MPRegen 0.10/turn

%: no passive effects
@: no status effects
A: permanent stasis, dig shafts and tunnels, antennae 3, four strong arms
a: Dig, Shaft Self


You were on level 4 of the Dungeon.
You visited 1 branch of the dungeon, and saw 4 of its levels.

You collected 235 gold pieces.

Inventory:

Hand Weapons
 a - a +0 war axe (weapon)
Armour
 b - a +0 scale mail (worn)
 c - a +0 buckler (worn)
 k - a +2 cloak (worn)
Jewellery
 i - an amulet of guardian spirit
Wands
 o - a wand of flame (21)
 q - a wand of light (14)
Scrolls
 l - 5 scrolls of identify
 n - a scroll of vulnerability {unknown}
 p - a scroll of fear {unknown}
 r - 2 scrolls of immolation
 s - a scroll of torment {unknown}
 u - a scroll of fog {unknown}
 v - a scroll of noise {unknown}
Potions
 d - a potion of might
 e - 2 potions of curing {unknown}
 f - 2 potions of lignification {unknown}
 g - 3 potions of heal wounds
 h - a potion of degeneration {unknown}
 j - a potion of haste {unknown}
 m - a potion of flight {unknown}
 t - a potion of experience {unknown}


   Skills:
 + Level 4.4 Fighting
 + Level 4.2 Axes
 + Level 4.5 Armour
 + Level 1.0 Dodging
 + Level 1.0 Stealth
 + Level 4.7 Shields


You had 5 spell levels left.
You didn't know any spells.
Your spell library contained the following spells:

 Spells                   Type           Power      Damage    Failure   Level
 Magic Dart               Conj           0%         1d3       80%         1
 Searing Ray              Conj           0%         2d4       90%         2
 Fulminant Prism          Conj/Hex       0%         3d5       100%        4


Dungeon Overview and Level Annotations

Branches:
Dungeon (4/15)
 Temple: D:4-7

Altars:
Cheibriados
Nemelex Xobeh
Qazlal
Ru


Innate Abilities, Weirdness & Mutations

You cannot be hasted, slowed, berserked, paralysed or teleported.
You can dig through walls and to a lower floor.
You have a pair of large antennae on your head. (SInv)
Your four strong arms can wield two-handed weapons with a shield.


Message History

You closely miss the hound.
The hound is heavily wounded.
The hound bites you but does no damage. The hound closely misses you.
You slash the hound!
You kill the hound!
No target in view!
No target in view!
No target in view!
No target in view!
An ogre comes into view. It is wielding a +0 giant club.
An ogre is nearby!
An ogre is nearby!
The ogre hits you with a +0 giant club!!
Ouch! That really hurt!
You are too injured to fight recklessly!
You are too injured to fight recklessly!
You are too injured to fight recklessly!
You are too injured to fight recklessly!
You are too injured to fight recklessly!
You are too injured to fight recklessly!
You are too injured to fight recklessly!
You are too injured to fight recklessly!
You are too injured to fight recklessly!
You are too injured to fight recklessly!
You are too injured to fight recklessly!
You are too injured to fight recklessly!
You are too injured to fight recklessly!
Unknown command.
You hit the ogre.
The ogre is moderately wounded.
Unknown command.
You barely miss the ogre.
The ogre is moderately wounded.
The ogre hits you with a +0 giant club!
* * * LOW HITPOINT WARNING * * *
Unknown command.
You hit the ogre.
The ogre is moderately wounded.
The ogre hits you with a +0 giant club!!
You die...

#.##........)...#
##.##.##########.# ## #...#.#
#######.######
.######.....####............#
..........)......#####.####.#
########..#.##########.##
#..#.## ###.....#
....#....##.......#
#.#######.O@.......# #.
#....##.#.....# . #.##
#.#.....# ## #.###.### ...
#.# #.. ... ###.#.#. . ..


You could see an ogre.

Vanquished Creatures
  An ogre (D:3)
  A hound (D:4)
  Natasha (D:4)
  3 gnolls (D:3)
  4 adders
  3 worms (D:2)
  3 orcs
  2 endoplasms
  4 giant cockroaches
  12 goblins
  6 hobgoblins
  2 jackals (D:2)
  5 kobolds
  A quokka (D:2)
  10 ball pythons
  4 bats
  4 frilled lizards
  4 rats
70 creatures vanquished.

Notes
Turn   | Place    | Note
-------+----------+-------------------------------------------
     0 | D:1      | GigaChad the Formicid Fighter began the quest for the Orb.
     0 | D:1      | Reached XP level 1. HP: 18/18 MP: 1/1
    62 | D:1      | Reached XP level 2. HP: 24/24 MP: 2/2
   397 | D:1      | Found a faded altar of an unknown god.
   516 | D:1      | Reached XP level 3. HP: 29/29 MP: 3/3
  1089 | D:2      | Reached XP level 4. HP: 33/37 MP: 4/4
  1674 | D:3      | Noticed an ogre
  1682 | D:3      | Killed an ogre
  1683 | D:3      | Reached XP level 5. HP: 42/42 MP: 5/5
  1981 | D:3      | Found a sacrificial altar of Ru.
  2070 | D:3      | Reached XP level 6. HP: 19/48 MP: 6/6
  2291 | D:3      | Found a sparkling altar of Nemelex Xobeh.
  2291 | D:3      | Found a stormy altar of Qazlal.
  2291 | D:3      | Found a snail-covered altar of Cheibriados.
  2638 | D:3      | Reached skill level 1 in Stealth
  2825 | D:4      | Noticed Natasha
  2832 | D:4      | Killed Natasha
  2941 | D:4      | Reached skill level 1 in Dodging
  3072 | D:4      | Noticed an ogre
  3078 | D:4      | Demolished by an ogre

Illustrated notes

Levels and vault maps discovered:
D:1:      lemuel_arrival_broad_hall, layout_rooms,
          chequers_ecumenical_altar_grove, minmay_misc_feat_hallway,
          kennysheep_decorative_pillar, minmay_misc_feat_x, hex_tiny,
          amethyst_killhole
D:2:      layout_loops_cross, grunt_ministairs_6, minmay_misc_feat_chi,
          kennysheep_minor_cross
D:3:      layout_basic, gammafunk_temple_overflow_claw,
          overflow_temple_1_default
D:4:      layout_loops_ring, chequers_serial_rivers_micro_e, uniq_eustachio,
          uniq_natasha

Skill      XL: |  1  2  3  4  5  6 |
---------------+-------------------+-----
Armour         | 4 |  4.5
Axes           | 3 4 |  4.2
Fighting       | 4 |  4.4
Stealth        | 1 |  1.0
Dodging        | 1 |  1.0
Shields        | |  4.7

Action                     |  1- 3 |  4- 6 || total
---------------------------+-------+-------++-------
  Melee: War axe           |   108 |   104 ||   212
    Use: Scroll            |     5 |       ||     5
 Armour: Scale mail        |    64 |    37 ||   101
  Dodge: Dodged            |    54 |    45 ||    99
  Block: Buckler           |    28 |    40 ||    68
